 Dungeon Crawl Stone Soup version 0.31-a0-83-gbff143cfd1 (webtiles) character file.

Game seed: 6544570968455995499

137844 hwolsky the Cloud Mage (level 16, 31/94 HPs) *EXPLORE*
             Began as a Black Draconian Air Elementalist on May 17, 2023.
             Was an Elder of Elyvilon.
             Quit the game on level 4 of the Spider Nest on May 24, 2023.
             The game lasted 03:10:44 (44614 turns).

hwolsky the Cloud Mage (DrAE)                      Turns: 44614, Time: 03:10:45

Health: 31/94      AC: 18    Str: 11 (13) XL:     16   Next: 70%
Magic:  6/33       EV:  8    Int: 20      God:    Elyvilon [****..]
Gold:   3271       SH:  0    Dex: 13 (15) Spells: 6/19 levels left

rFire   + . .        E - staff of air
rCold   + . .        (no shield)
rNeg    . . .        (body armour unavailable)
rPois   .            K - +2 hat {Will+}
rElec   +            l - scarf {rC+ rF+}
rCorr   .            v - +3 pair of gloves of Scuffed Brilliance {Will- Str+2 Dex+2 Stlth+}
SInv    +            c - +2 pair of boots
Will    +....        O - amulet of magic regeneration
Stlth   ++++         q - ring of see invisible
HPRegen 0.35/turn    J - ring of magical power
MPRegen 0.63/turn

%: no passive effects
@: flying, held, studying Staves
A: breathe lightning, AC +9, unfitting armour, big wings, electricity
resistance, cold-blooded, claws 1, talons 1, deterioration 1, dopey 1, frail 1,
low MP 1, no potion heal 1
a: Breathe Lightning, Renounce Religion, Purification, Heal Other, Heal Self


You were on level 4 of the Spider Nest.
You worshipped Elyvilon.
Elyvilon was greatly pleased with you.
You visited 5 branches of the dungeon, and saw 26 of its levels.
You visited the Abyss 1 time.
You also visited: Volcano.

You collected 3391 gold pieces.
You spent 120 gold pieces at shops.

Inventory:

Armour
 c - a +2 pair of boots (worn)
 l - a scarf of resistance (worn)
 v - the +3 pair of gloves of Scuffed Brilliance (worn) {Will- Str+2 Dex+2 Stlth+}
   (You found it on level 7 of the Dungeon)

   Str:       It affects your strength (+2).
   Dex:       It affects your dexterity (+2).
   Will:      It decreases your willpower.
   Stlth:     It makes you more stealthy.
 K - a +2 hat of willpower (worn)
Magical Staves
 E - a staff of air (weapon)
Jewellery
 e - a ring of protection from fire
 n - a +6 ring of strength
 q - a ring of see invisible (left hand)
 r - a +6 ring of strength
 J - a ring of magical power (right hand)
 O - an amulet of magic regeneration (around neck)
 R - a ring of protection from cold
Wands
 m - a wand of paralysis (15)
 s - a wand of flame (36)
 y - a wand of roots (5)
 z - a wand of mindburst (16)
 D - a wand of light (12)
 I - a wand of polymorph (12)
Scrolls
 f - a scroll of fog
 g - 5 scrolls of blinking
 i - 12 scrolls of identify
 t - 6 scrolls of teleportation
 w - 4 scrolls of enchant weapon
 x - a scroll of magic mapping
 A - a scroll of silence
 G - 4 scrolls of immolation
 H - 5 scrolls of amnesia
 L - 5 scrolls of enchant armour
 S - 4 scrolls of brand weapon
Potions
 a - a potion of magic
 b - 4 potions of haste
 d - 4 potions of curing
 h - a potion of enlightenment
 j - 4 potions of lignification
 k - 6 potions of brilliance
 o - 9 potions of ambrosia
 p - 6 potions of might
 u - 3 potions of attraction
 Q - a potion of berserk rage
 T - 2 potions of heal wounds
Miscellaneous
 B - a box of beasts
 C - a lightning rod (4/4)
 F - a phial of floods


   Skills:
 - Level 10.0 Dodging
 - Level 5.0 Stealth
 - Level 2.0 Spellcasting
 + Level 14.6 Conjurations
 * Level 23.7 Air Magic
 + Level 15.2 Invocations


You had 6 spell levels left.
You knew the following spells:

 Your Spells              Type           Power      Damage    Failure   Level
a - Shock                 Conj/Air       100%       1d9       0%          1
b - Static Discharge      Conj/Air       100%       2-7/arc   0%          2
c - Airstrike             Air            49%        2d(7-23)  0%          4
d - Swiftness             Air            98%        N/A       0%          3
e - Stone Arrow           Conj/Erth      60%        3d10      2%          3

Your spell library contained the following spells:

 Spells                   Type           Power      Damage    Failure   Level
 Kiss of Death            Conj/Necr      100%       2d13      1%          1
 Sandblast                Erth           4%         2d4       16%         1
 Sublimation of Blood     Necr           2%         N/A       24%         2
 Wereblood                Tmut           2%         N/A       24%         2
 Ensorcelled Hibernation  Hex/Ice        2%         N/A       26%         2
 Passwall                 Tmut/Erth      0%         N/A       26%         2
 Confusing Touch          Hex            2%         N/A       43%         3
 Tukima's Dance           Hex            2%         N/A       43%         3
 Spider Form              Tmut/Pois      1%         N/A       45%         3
 Dispel Undead            Necr           2%         3d7       83%         4
 Passage of Golubria      Tloc           2%         N/A       83%         4
 Anguish                  Hex/Necr       0%         N/A       86%         4
 Leda's Liquefaction      Hex/Erth       0%         N/A       86%         4
 Lee's Rapid Deconstruct  Erth           1%         3d4*      99%         5
 Yara's Violent Unravell  Hex/Tmut       0%         3d3       99%         5
 Statue Form              Tmut/Erth      0%         N/A       100%        6
 Summon Hydra             Summ           1%         N/A       100%        7
 Lehudib's Crystal Spear  Conj/Erth      15%        10d5      100%        8
 Animate Armour           Summ/Erth      Unusable   N/A       N/A         4

Dungeon Overview and Level Annotations

Branches:
Dungeon (14/15) Zot: 25614  Temple (1/1) D:5 Zot: 5816    Lair (5/5) D:11 Zot: 18392
 Shoals (0/4) Lair:2       Spider (4/4) Lair:3 Zot: 16598   Slime (0/5) Lair:5
    Orc (2/2) D:11 Zot: 9559     Elf (0/3) Orc:2       Volcano (visited)
 Vaults: D:13-14

Altars:
Ashenzari
Cheibriados
Dithmenos
Elyvilon
Fedhas
Gozag
Hepliaklqana
Kikubaaqudgha
Makhleb
Nemelex Xobeh
Okawaru
Qazlal
Ru
Sif Muna
Trog
Uskayaw
Vehumet
Wu Jian
Xom
Yredelemnul
Zin
The Shining One

Shops:
D:7 !   Orc:2 ?![=


Innate Abilities, Weirdness & Mutations

You can breathe wild blasts of lightning.
Your glossy black scales are hard. (AC +9)
You cannot fit into any form of body armour.
Your large and strong wings let you fly.
You are resistant to electric shocks. (rElec)
You are cold-blooded and may be slowed by cold attacks.
You have sharp fingernails.
You have sharp toenails.
Your body sometimes deteriorates upon taking damage.
You are dopey. (Int -2)
You are frail. (-10% HP)
Your magical capacity is low. (-10% MP)
Potions are less effective at restoring your health.


Message History

You feel sick.
You start resting.
You feel sick. x2
You are no longer poisoned.
Casting: Static Discharge (safe; 0% risk of failure)
Confirm with . or Enter, or press ? or * to list all spells.
Aiming: Airstrike (safe; 0% risk of failure)
Press: ? - help, Dir - move target, f - orb spider
Aim: an orb spider (wandering, hasn't noticed you, empty space bonus: 6/8)
You feel a surge of power!
The air twists around and strikes the orb spider!
The orb spider's many legs skitter faintly.
The orb spider is moderately wounded.
Casting: Airstrike (safe; 0% risk of failure)
Confirm with . or Enter, or press ? or * to list all spells.
Aiming: Airstrike (safe; 0% risk of failure)
Press: ? - help, Dir - move target, f/p - orb spider
Aim: an orb spider (moderately wounded, empty space bonus: 7/8)
You feel a surge of power!
The air twists around and strikes the orb spider!
The orb spider is severely wounded.
* * * LOW MAGIC WARNING * * *
You have got your breath back.
Casting: Airstrike (safe; 0% risk of failure)
Confirm with . or Enter, or press ? or * to list all spells.
Aiming: Airstrike (safe; 0% risk of failure)
Press: ? - help, Dir - move target, f/p - orb spider
Aim: an orb spider (severely wounded, empty space bonus: 7/8)
You feel a surge of power!
The air twists around and strikes the orb spider!!
You kill the orb spider!
* * * LOW MAGIC WARNING * * *
A jorogumo is nearby!
Casting: Airstrike (safe; 0% risk of failure)
Confirm with . or Enter, or press ? or * to list all spells.
Aiming: Airstrike (safe; 0% risk of failure)
Press: ? - help, Dir - move target, f - jorogumo
Aim: a jorogumo (empty space bonus: 6/8)
You feel a surge of power!
The air twists around and strikes the jorogumo!
The jorogumo is lightly wounded.
* * * LOW MAGIC WARNING * * *
Casting: Airstrike (safe; 0% risk of failure)
Confirm with . or Enter, or press ? or * to list all spells.
Aiming: Airstrike (safe; 0% risk of failure)
Press: ? - help, Dir - move target, f/p - jorogumo
Aim: a jorogumo (lightly wounded, empty space bonus: 7/8)
You feel a surge of power!
The air twists around and strikes the jorogumo!!
The jorogumo is heavily wounded.
* * * LOW MAGIC WARNING * * *
Casting: Airstrike (safe; 0% risk of failure)
Confirm with . or Enter, or press ? or * to list all spells.
Aiming: Airstrike (safe; 0% risk of failure)
Press: ? - help, Dir - move target, f/p - jorogumo
Aim: a jorogumo (heavily wounded, empty space bonus: 5/8)
You feel a surge of power!
The air twists around and strikes the jorogumo!
The jorogumo is severely wounded.
* * * LOW MAGIC WARNING * * *
The jorogumo stares at you and mumbles some strange words.
The stream of webbing hits you but does no damage.
You are caught in a web!
Casting: Airstrike (safe; 0% risk of failure)
Confirm with . or Enter, or press ? or * to list all spells.
You don't have enough magic to cast this spell.
Unknown command.
The web tears apart.
The jorogumo stares at you and mumbles some strange words.
The stream of webbing hits you but does no damage.
You are caught in a web!
You struggle to detach yourself from the web.
A jumping spider comes into view.
The jorogumo hits you but does no damage.
The web tears apart.
The jorogumo hits you but does no damage.
The jorogumo stares at you and mumbles some strange words.
The stream of webbing hits you but does no damage.
You are caught in a web!
The jumping spider's many legs skitter faintly.
There is a web here.
The web tears apart.
The jorogumo stares at you and mumbles some strange words.
The stream of webbing hits you but does no damage.
You are caught in a web!
The jumping spider leaps!
A culicivora comes into view.
Unknown command.
Unknown command.
Unknown command.
Unknown command.
Unknown command.
Unknown command.
Unknown command.
Unknown command.
Saving game... please wait.
Lua error: /dgldir/rcfiles/crawl-git/hwolsky.rc:430: '' expected near 'end' Welcome back, hwolsky the Black Draconian Air Elementalist.
Elyvilon says: Go forth and aid the weak!
Press ? for a list of commands and other information.
Unknown command.
Are you sure you want to abandon this character and quit the game? (Confirm with "yes".)

..# ..#. )s.## .○.. ..
#..### ### #..#^...#######
#.## .# ^.#.....##s@.#
#..## ..#
#..#..#sH#..#######...#
...#..##††.......<#.....#
#^##.^...^#.##......#..#
..#....#^....####.#....#.#
#.......#.#..^#
#####...###
.....#^......## ####..^.#
#..#...##.## ##^..#...# .
#.....### #........#


You could see a jorogumo, a culicivora and a jumping spider.

Vanquished Creatures
  Arachne (Spider:2)
  Jorgrun (Spider:3)
  A tentacled starspawn (Abyss:1)
  Frances (Spider:2)
  Gastronok (D:11)
  A ghost moth (Spider:3)
  A balrug (Abyss:1)
  The ghost of BlueFish the Fighter, a journeyman DrAr of Fedhas (Orc:1)
  A spark wasp (Spider:2)
  Azrael (Spider:1)
  A dire elephant (Lair:5)
  An ettin (Orc:2)
  10 hydras
  Erolcha (Orc:1)
  3 ogre magi
  2 jorogumos
  A catoblepas (Lair:5)
  7 boulder beetles
  3 radroaches
  7 two-headed ogres
  A death scarab (Spider:2)
  A deep troll shaman (Lair:5)
  4 death yaks (Lair:5)
  Sonja (D:12)
  2 sun demons (Abyss:1)
  A hell knight (Volcano)
  5 pharaoh ants
  A large abomination (Abyss:1)
  5 steelbarb worms
  The ghost of holysushi the Martial Artist, a novice DjTm of Lugonu (D:7)
  6 orb spiders
  Pikel (D:4)
  2 orc knights
  A deep elf pyromancer (D:13)
  An ugly thing (D:13)
  9 orc sorcerers
  13 wolf spiders
  6 cyclopes
  A moth of wrath (Spider:3)
  A manticore (Lair:2)
  Maurice (D:13)
  14 elephants
  4 black mambas
  A stone giant skeleton (Abyss:1)
  12 cane toads
  An ice statue (Lair:3)
  Joseph (D:7)
  A smoke demon (Abyss:1)
  3 gargoyles
  4 torpor snails
  7 komodo dragons
  5 rime drakes
  A freezing wraith (Lair:3)
  A demonic crawler (Spider:1)
  An efreet (D:13)
  Psyche (D:9)
  2 ancient zymes (Abyss:1)
  2 queen bees
  3 meliai (Lair:3)
  11 trolls
  13 polar bears
  9 tarantellas
  A raiju (Abyss:1)
  11 blink frogs
  10 dream sheep
  14 culicivoras
  A blink frog (shapeshifter) (D:14)
  11 jumping spiders
  5 slime creatures
  A ynoxinul (Abyss:1)
  59 yaks
  2 shadows
  7 basilisks
  3 fire bats (Orc:1)
  3 wraiths
  Eustachio (D:4)
  A spriggan (shapeshifter) (D:14)
  4 hogs (Lair:3)
  4 steam dragons
  8 wyverns
  A fire elemental (Lair:3)
  29 redbacks
  5 vampire mosquitoes
  A neqoxec (Abyss:1)
  2 redbacks (shapeshifter)
  A warg (Orc:2)
  4 acid dragons
  13 water moccasins
  4 hell hounds
  9 orc warriors
  4 black bears
  The ghost of BlasphemerAmon the Slasher, an amateur GnBe of Trog (D:3)
  10 ice beasts
  6 ogres
  19 wolves
  5 centaurs
  2 phantoms
  4 lemures (D:4)
  A kobold brigand (D:10)
  4 scorpions
  6 bullfrogs
  A gnoll sergeant (D:13)
  12 wights
  53 killer bees
  2 howler monkeys
  3 electric eels
  2 quasits (Abyss:1)
  4 small abominations (Abyss:1)
  4 jellies
  2 gnoll boudas
  2 hounds
  7 orc priests
  5 iguanas
  4 sleepcaps
  Jessica (D:3)
  Natasha (thrice) (D:2)
  34 orc wizards
  8 hell rats
  15 gnolls
  A river rat (Lair:2)
  6 adders
  4 white imps
  2 worms
  2 dart slugs (D:2)
  48 orcs
  10 ball pythons
  10 endoplasms
  3 giant cockroaches
  10 goblins
  4 hobgoblins
  4 jackals (D:1)
  4 quokkas
  4 bats
  6 frilled lizards
  11 kobolds
  5 rats
  A starspawn tentacle (Abyss:1)
781 creatures vanquished.

Vanquished Creatures (collateral kills)
  A pharaoh ant (Spider:1)
  A jumping spider (Spider:1)
  A redback (Spider:1)
3 creatures vanquished.

Vanquished Creatures (others)
  Kirke (Lair:3)
  A troll (D:11)
  A shadow (D:10)
  2 humans (Spider:1)
  A chaos spawn (Abyss:1)
  A wolf (Lair:2)
  5 killer bees
  A crimson imp (Abyss:1)
  A hound (D:6)
  An ufetubus (D:6)
  2 orcs (D:8)
  3 starspawn tentacles (Abyss:1)
20 creatures vanquished.

Grand Total: 804 creatures vanquished

Notes
Turn   | Place    | Note
-------+----------+-------------------------------------------
     0 | D:1      | hwolsky the Draconian Air Elementalist began the quest for
                  | the Orb.
     0 | D:1      | Reached XP level 1. HP: 14/14 MP: 3/3
   198 | D:1      | Reached XP level 2. HP: 20/20 MP: 5/5
   359 | D:1      | Entered explore mode.
   807 | D:1      | Reached XP level 3. HP: 26/26 MP: 2/6
  1391 | D:2      | Found a white marble altar of Elyvilon.
  1889 | D:2      | Noticed Natasha
  1901 | D:2      | HP: 1/26 [cerulean imp/+0 spear[Natasha] (4)]
  1902 | D:2      | Slain by a cerulean imp
                  | ... wielding a +0 spear
                  | ... summoned by Natasha
                  | (2 damage)
  1910 | D:2      | Killed from afar by Natasha (7 damage)
                  | ... with a magic dart
  1913 | D:2      | Killed Natasha
  1914 | D:2      | Reached XP level 4. HP: 28/33 MP: 2/7
  2112 | D:2      | Reached skill level 4 in Air Magic
  2259 | D:2      | Noticed Natasha
  2271 | D:2      | Killed Natasha
  2479 | D:2      | Noticed Natasha
  2487 | D:2      | Killed Natasha
  2488 | D:2      | Reached XP level 5. HP: 38/38 MP: 0/8
  2742 | D:2      | Became a worshipper of Elyvilon the Healer
  3287 | D:3      | Reached * piety under Elyvilon
  3296 | D:3      | Found a runed translucent door.
  3355 | D:3      | Noticed BlasphemerAmon's ghost (amateur GnBe)
  3386 | D:3      | Slain by BlasphemerAmon's ghost (5 damage)
  3398 | D:3      | Killed BlasphemerAmon's ghost
  3399 | D:3      | Reached XP level 6. HP: 34/45 MP: 3/9
  3542 | D:3      | Noticed Jessica
  3547 | D:3      | Killed Jessica
  3548 | D:3      | Reached skill level 5 in Air Magic
  3676 | D:3      | Found a glowing silver altar of Zin.
  4341 | D:4      | Learned a level 2 spell: Static Discharge
  4385 | D:4      | Your scales start taking on a glossy black colour.
  4385 | D:4      | Reached skill level 6 in Air Magic
  4385 | D:4      | Reached XP level 7. HP: 28/50 MP: 5/10
  4385 | D:4      | Gained mutation: You are resistant to electric shocks.
                  | (rElec) [Black Draconian growth]
  4390 | D:4      | Noticed Pikel
  4404 | D:4      | HP: 2/50 [Pikel/+2 whip of flaming (1)]
  4407 | D:4      | Slain by a lemure (7 damage)
                  | ... led by Pikel
  4419 | D:4      | Elyvilon protects you from harm!
  4421 | D:4      | HP: 2/50 [lemure[Pikel] (3)]
  4423 | D:4      | Elyvilon protects you from harm!
  4424 | D:4      | Slain by a lemure (3 damage)
                  | ... led by Pikel
  4471 | D:4      | Mangled by Pikel
                  | ... wielding a +2 whip of flaming
                  | (11 damage)
  4518 | D:4      | Elyvilon protects you from harm!
  4522 | D:4      | HP: 2/50 [Pikel/+2 whip of flaming (3)]
  4525 | D:4      | Slain by Pikel
                  | ... wielding a +2 whip of flaming
                  | (2 damage)
  4531 | D:4      | Killed Pikel
  4532 | D:4      | Reached skill level 7 in Air Magic
  4729 | D:4      | Reached skill level 8 in Air Magic
  4729 | D:4      | Reached XP level 8. HP: 44/57 MP: 5/11
  4869 | D:4      | Noticed Eustachio
  4879 | D:4      | Reached skill level 1 in Invocations
  4969 | D:4      | HP: 2/57 [river rat[Eustachio] (3)]
  4971 | D:4      | Slain by a river rat (4 damage)
                  | ... summoned by Eustachio
  4978 | D:4      | Killed Eustachio
  5330 | D:4      | Reached ** piety under Elyvilon
  5371 | D:4      | Learned a level 4 spell: Airstrike
  5413 | D:5      | Entered Level 5 of the Dungeon
  5707 | D:5      | Reached skill level 5 in Stealth
  5978 | D:5      | Reached skill level 9 in Air Magic
  6211 | D:5      | Found a staircase to the Ecumenical Temple.
  6232 | Temple   | Entered the Ecumenical Temple
  6863 | D:5      | Reached skill level 5 in Conjurations
  7146 | D:6      | Reached skill level 5 in Dodging
  7146 | D:6      | Reached XP level 9. HP: 62/62 MP: 5/12
  7288 | D:6      | Slain by a steam dragon (7 damage)
  7310 | D:6      | HP: 3/62 [steam dragon (2)]
  7318 | D:6      | HP: 2/62 [steam dragon/ball of steam (3)]
  7341 | D:6      | HP: 2/62 [phantom (3)]
  7440 | D:6      | Reached skill level 10 in Air Magic
  7570 | D:6      | Noticed a two-headed ogre
  7574 | D:6      | Killed a two-headed ogre
  7688 | D:6      | Reached *** piety under Elyvilon
  7997 | D:6      | Elyvilon protects you from harm!
  7997 | D:6      | Elyvilon protects you from harm!
  7997 | D:6      | Slain by a wight
                  | ... wielding a +0 mace
                  | (6 damage)
  8004 | D:6      | HP: 1/50 [acid (4)]
  8005 | D:6      | Splashed by a jelly's acid (4 damage)
  8013 | D:6      | Slain by a wight
                  | ... wielding a +3 mace
                  | (9 damage)
  8036 | D:6      | Slain by a wight
                  | ... wielding a +3 mace
                  | (7 damage)
  8043 | D:6      | Slain by a wight
                  | ... wielding a +3 mace
                  | (11 damage)
  8053 | D:6      | Reached skill level 11 in Air Magic
  8053 | D:6      | Elyvilon protects you from harm!
  8057 | D:6      | HP: 1/25 [wight/+3 mace (2)]
  8058 | D:6      | Slain by a wight
                  | ... wielding a +3 mace
                  | (4 damage)
  8080 | D:6      | HP: 1/22 [wight/+3 mace (7)]
  8081 | D:6      | Slain by a wight
                  | ... wielding a +3 mace
                  | (2 damage)
  8085 | D:6      | Slain by a wight
                  | ... wielding a +3 mace
                  | (10 damage)
  8090 | D:6      | Slain by a wight
                  | ... wielding a +3 mace
                  | (2 damage)
  8138 | D:6      | Slain by an ice beast (3 damage)
  9030 | D:7      | Slain by an orc wizard
                  | ... wielding a +0 dagger
                  | (2 damage)
  9060 | D:7      | HP: 1/34 [orc warrior/+0 glaive (3)]
  9060 | D:7      | Slain by an orc wizard
                  | ... wielding a +0 dagger
                  | (3 damage)
  9065 | D:7      | Reached skill level 5 in Invocations
  9192 | D:7      | Found a transporter.
  9252 | D:7      | Noticed a troll
  9258 | D:7      | Slain by a troll (9 damage)
  9262 | D:7      | Slain by a troll (8 damage)
  9267 | D:7      | Killed from afar by an acid dragon (22 damage)
                  | ... with a splash of acid
  9271 | D:7      | Slain by a troll (10 damage)
  9276 | D:7      | Elyvilon protects you from harm!
  9277 | D:7      | Slain by a troll (11 damage)
  9279 | D:7      | Killed from afar by an acid dragon (29 damage)
                  | ... with a splash of acid
  9282 | D:7      | Killed from afar by an acid dragon (17 damage)
                  | ... with a splash of acid
  9285 | D:7      | Elyvilon protects you from harm!
  9286 | D:7      | HP: 1/38 [troll (6)]
  9286 | D:7      | Mangled by a troll (12 damage)
  9287 | D:7      | Killed from afar by an acid dragon (20 damage)
                  | ... with a splash of acid
  9290 | D:7      | Slain by a troll (13 damage)
  9299 | D:7      | Slain by a troll (17 damage)
  9300 | D:7      | Elyvilon protects you from harm!
  9301 | D:7      | Mangled by a troll (13 damage)
  9303 | D:7      | Slain by a troll (15 damage)
  9306 | D:7      | Mangled by a troll (13 damage)
  9309 | D:7      | Slain by a troll (4 damage)
  9310 | D:7      | HP: 1/38 [troll (10)]
  9311 | D:7      | Killed themself with a bounced bolt of lightning (5 damage)
  9313 | D:7      | Slain by a troll (10 damage)
  9316 | D:7      | Slain by a troll (17 damage)
  9318 | D:7      | Mangled by a troll (19 damage)
  9323 | D:7      | Slain by a troll (12 damage)
  9326 | D:7      | Slain by a troll (5 damage)
  9328 | D:7      | Slain by a troll (19 damage)
  9331 | D:7      | Slain by a troll (18 damage)
  9332 | D:7      | Slain by a troll (14 damage)
  9336 | D:7      | Mangled by a troll (17 damage)
  9342 | D:7      | Killed a troll
  9343 | D:7      | Reached XP level 10. HP: 7/50 MP: 0/13
  9347 | D:7      | Killed from afar by an acid dragon (14 damage)
                  | ... with a splash of acid
  9358 | D:7      | Elyvilon protects you from harm!
  9360 | D:7      | Killed from afar by an acid dragon (16 damage)
                  | ... with a splash of acid
  9617 | D:7      | Noticed a cyclops
  9648 | D:7      | Noticed holysushi's ghost (novice DjTm)
  9658 | D:7      | Found a transporter.
  9928 | D:7      | Noticed Joseph
  9957 | D:7      | Slain by Joseph
                  | ... wielding a +3 quarterstaff
                  | (18 damage)
  9966 | D:7      | HP: 1/58 [Joseph/+3 quarterstaff (15)]
  9969 | D:7      | Slain by Joseph
                  | ... wielding a +3 quarterstaff
                  | (7 damage)
  9977 | D:7      | HP: 1/58 [Joseph/+3 quarterstaff (7)]
  9978 | D:7      | Elyvilon protects you from harm!
  9979 | D:7      | Slain by Joseph
                  | ... wielding a +3 quarterstaff
                  | (6 damage)
  9990 | D:7      | Slain by Joseph
                  | ... wielding a +3 quarterstaff
                  | (16 damage)
 10004 | D:7      | Mangled by Joseph
                  | ... wielding a +3 quarterstaff
                  | (19 damage)
 10015 | D:7      | Slain by Joseph
                  | ... wielding a +3 quarterstaff
                  | (9 damage)
 10026 | D:7      | Killed Joseph
 10362 | D:7      | Found Hiucrit's Distillery.
 10499 | D:7      | Mangled by a wyvern (12 damage)
 10504 | D:7      | HP: 3/63 [wyvern (5)]
 10504 | D:7      | Slain by a wyvern (5 damage)
 10507 | D:7      | Slain by a cyclops (22 damage)
 10731 | D:7      | Demolished by a cyclops (22 damage)
 10738 | D:7      | Slain by a cyclops (24 damage)
 10750 | D:7      | Demolished by a cyclops (20 damage)
 10751 | D:7      | Reached skill level 12 in Air Magic
 10763 | D:7      | HP: 2/68 [cyclops (15)]
 10764 | D:7      | Elyvilon protects you from harm!
 10765 | D:7      | Slain by a cyclops (2 damage)
 10771 | D:7      | Mangled by a cyclops (20 damage)
 10780 | D:7      | Demolished by a cyclops (26 damage)
 10791 | D:7      | Killed a cyclops
 10819 | D:7      | Identified the +3 pair of gloves of Scuffed Brilliance
                  | {Will- Str+2 Dex+2 Stlth+}
 10847 | D:7      | Killed holysushi's ghost
 11215 | D:8      | Reached **** piety under Elyvilon
 11429 | D:8      | HP: 3/69 [wyvern (9)]
 11431 | D:8      | Slain by a wyvern (5 damage)
 11452 | D:8      | Slain by a wight
                  | ... wielding a +0 morningstar
                  | (11 damage)
 11479 | D:8      | HP: 1/60 [wight/+0 morningstar (6)]
 11481 | D:8      | Slain by a wight
                  | ... wielding a +0 morningstar
                  | (4 damage)
 11796 | D:8      | Noticed a gargoyle
 11797 | D:8      | Reached skill level 13 in Air Magic
 11813 | D:8      | Killed themself with a badly aimed orb of electricity (6
                  | damage)
 11819 | D:8      | Elyvilon protects you from harm!
 11823 | D:8      | HP: 2/64 [gargoyle/+0 flail (6)]
 11823 | D:8      | Mangled by a yak (10 damage)
 11827 | D:8      | Elyvilon protects you from harm!
 11828 | D:8      | Mangled by a gargoyle
                  | ... wielding a +0 flail
                  | (15 damage)
 11836 | D:8      | Killed from afar by a gargoyle (12 damage)
                  | ... with a stone arrow
 11839 | D:8      | HP: 2/61 [yak (2)]
 11839 | D:8      | Mangled by a wight
                  | ... wielding a +3 dire flail
                  | (14 damage)
 11844 | D:8      | Reached XP level 11. HP: 6/65 MP: 1/16
 11844 | D:8      | HP: 2/65 [yak (4)]
 11846 | D:8      | Elyvilon protects you from harm!
 11846 | D:8      | Slain by a yak (2 damage)
 11851 | D:8      | Elyvilon protects you from harm!
 11852 | D:8      | HP: 2/60 [gargoyle/+0 flail (5)]
 11853 | D:8      | Killed from afar by a gargoyle (5 damage)
                  | ... with a stone arrow
 11875 | D:8      | HP: 1/61 [wight/+0 dagger (7)]
 11875 | D:8      | Slain by a wight
                  | ... wielding a +0 dagger
                  | (3 damage)
 12690 | D:9      | HP: 2/59 [yak (3)]
 12692 | D:9      | Elyvilon protects you from harm!
 12693 | D:9      | Mangled by a yak (12 damage)
 12733 | D:9      | Slain by a yak (11 damage)
 12773 | D:9      | Slain by a yak (9 damage)
 12795 | D:9      | HP: 1/64 [yak (5)]
 12796 | D:9      | Slain by a yak (2 damage)
 12836 | D:9      | HP: 1/66 [yak (6)]
 12839 | D:9      | Slain by a yak (5 damage)
 13265 | D:9      | Noticed Psyche
 13268 | D:9      | Killed Psyche
 13288 | D:9      | Elyvilon protects you from harm!
 13293 | D:9      | HP: 3/74 [yak (6)]
 13295 | D:9      | Slain by a yak (4 damage)
 13310 | D:9      | Elyvilon protects you from harm!
 13311 | D:9      | HP: 3/74 [yak (5)]
 13311 | D:9      | Elyvilon protects you from harm!
 13312 | D:9      | Slain by a yak (3 damage)
 13328 | D:9      | Slain by a yak (9 damage)
 13334 | D:9      | Reached skill level 14 in Air Magic
 13346 | D:9      | HP: 3/74 [yak (11)]
 13759 | D:9      | HP: 1/74 [bounced beam (7)]
 13783 | D:9      | HP: 3/74 [yak (4)]
 13791 | D:9      | HP: 1/74 [yak (4)]
 13794 | D:9      | Elyvilon protects you from harm!
 13796 | D:9      | Killed themself with a bounced orb of electricity (4
                  | damage)
 13987 | D:9      | HP: 2/74 [slime creature (6)]
 13988 | D:9      | Elyvilon protects you from harm!
 13991 | D:9      | Demolished by a slime creature (16 damage)
 14405 | D:9      | Noticed a two-headed ogre
 14426 | D:9      | Pacified a two-headed ogre
 14733 | D:9      | Identified a scroll of acquirement
 14735 | D:9      | Acquired 912 gold pieces
 14739 | D:10     | Entered Level 10 of the Dungeon
 14902 | D:10     | HP: 3/74 [killer bee (1)]
 14903 | D:10     | HP: 1/74 [poisoned by a killer bee]
 14904 | D:10     | Succumbed to a killer bee's poison
 15103 | D:10     | Found a transporter.
 15109 | D:10     | Found a transporter.
 15111 | D:10     | Found a transporter.
 15166 | D:10     | Learned a level 3 spell: Swiftness
 15250 | D:10     | HP: 3/74 [yak (3)]
 15251 | D:10     | Slain by a yak (6 damage)
 15860 | D:10     | Found a transporter.
 16309 | D:11     | Found an opulent altar of Gozag.
 16534 | D:11     | Reached skill level 15 in Air Magic
 16715 | D:11     | Reached XP level 12. HP: 81/81 MP: 18/18
 17041 | D:11     | Noticed Gastronok
 17062 | D:11     | HP: 4/81 [Gastronok (26)]
 17067 | D:11     | Killed by the air
                  | ... invoked by Gastronok
                  | (14 damage)
 17084 | D:11     | HP: 1/81 [Gastronok (20)]
 17086 | D:11     | Slain by Gastronok (3 damage)
 17109 | D:11     | Slain by Gastronok (13 damage)
 17118 | D:11     | Killed Gastronok
 17337 | D:11     | Found a staircase to the Orcish Mines.
 17412 | D:11     | Mangled by a komodo dragon (23 damage)
 17421 | D:11     | Found a staircase to the Lair.
 17978 | Lair:1   | Entered Level 1 of the Lair of Beasts
 18409 | Lair:1   | Mangled by a polar bear (21 damage)
 18415 | Lair:1   | HP: 2/81 [polar bear (3)]
 18416 | Lair:1   | Elyvilon protects you from harm!
 18416 | Lair:1   | Elyvilon protects you from harm!
 18418 | Lair:1   | Slain by a polar bear (5 damage)
 18423 | Lair:1   | Mangled by a polar bear (20 damage)
 18435 | Lair:1   | HP: 3/81 [polar bear (21)]
 18435 | Lair:1   | Elyvilon protects you from harm!
 18436 | Lair:1   | Demolished by a polar bear (16 damage)
 18446 | Lair:1   | Elyvilon protects you from harm!
 18446 | Lair:1   | HP: 3/81 [polar bear (5)]
 18446 | Lair:1   | Mangled by a polar bear (9 damage)
 18455 | Lair:1   | Slain by a polar bear (21 damage)
 18496 | Lair:1   | HP: 1/81 [yak (6)]
 18498 | Lair:1   | Slain by a yak (6 damage)
 18989 | Lair:1   | Reached skill level 16 in Air Magic
 19446 | Lair:2   | HP: 4/81 [elephant (12)]
 19448 | Lair:2   | Slain by an elephant (4 damage)
 19456 | Lair:2   | Noticed a five-headed hydra
 19463 | Lair:2   | Slain by an elephant (8 damage)
 19467 | Lair:2   | Upgraded the game from 0.31-a0-40-g1d5085d191 to
                  | 0.31-a0-43-g46d131a48f
 19476 | Lair:2   | HP: 2/81 [elephant (5)]
 19480 | Lair:2   | Elyvilon protects you from harm!
 19480 | Lair:2   | Slain by an elephant (2 damage)
 19502 | Lair:2   | HP: 3/81 [five-headed hydra (12)]
 19502 | Lair:2   | HP: 1/81 [elephant (2)]
 19504 | Lair:2   | Elyvilon protects you from harm!
 19504 | Lair:2   | Elyvilon protects you from harm!
 19505 | Lair:2   | Slain by a five-headed hydra (6 damage)
 19516 | Lair:2   | Elyvilon protects you from harm!
 19517 | Lair:2   | Slain by a five-headed hydra (10 damage)
 19536 | Lair:2   | HP: 3/81 [five-headed hydra (7)]
 19538 | Lair:2   | Mangled by a five-headed hydra (10 damage)
 19548 | Lair:2   | Slain by a five-headed hydra (7 damage)
 19555 | Lair:2   | HP: 4/81 [five-headed hydra (9)]
 19556 | Lair:2   | Killed themself with a bounced orb of electricity (7
                  | damage)
 19560 | Lair:2   | Killed a five-headed hydra
 19578 | Lair:2   | HP: 3/81 [bounced beam (6)]
 19587 | Lair:2   | HP: 3/81 [elephant (3)]
 19593 | Lair:2   | Slain by an elephant (6 damage)
 19930 | Lair:2   | Reached ***** piety under Elyvilon
 20042 | Lair:2   | Found a staircase to the Shoals.
 20138 | Lair:2   | Reached skill level 10 in Conjurations
 20612 | Lair:2   | Reached XP level 13. HP: 86/86 MP: 12/20
 20663 | Lair:2   | Reached skill level 10 in Invocations
 20682 | Lair:2   | Elyvilon protects you from harm!
 20686 | Lair:2   | Mangled by a yak (13 damage)
 20775 | Lair:2   | HP: 4/86 [yak (5)]
 20776 | Lair:2   | Slain by a killer bee (5 damage)
 20795 | Lair:2   | HP: 2/86 [poisoned by a killer bee]
 20796 | Lair:2   | Succumbed to a killer bee's poison
 20842 | Lair:2   | Elyvilon protects you from harm!
 20843 | Lair:2   | HP: 3/86 [killer bee (3)]
 20843 | Lair:2   | Elyvilon protects you from harm!
 20844 | Lair:2   | Mangled by a wyvern (13 damage)
 20853 | Lair:2   | HP: 2/86 [wyvern (5)]
 20853 | Lair:2   | Slain by a wyvern (2 damage)
 20880 | Lair:2   | Elyvilon protects you from harm!
 20883 | Lair:2   | HP: 2/86 [wyvern (7)]
 20884 | Lair:2   | Killed themself with a badly aimed orb of electricity (3
                  | damage)
 20885 | Lair:2   | Reached skill level 17 in Air Magic
 21572 | Lair:2   | HP: 2/84 [hell rat (12)]
 21572 | Lair:2   | Elyvilon protects you from harm!
 21573 | Lair:2   | Mangled by a hell rat (9 damage)
 21608 | Lair:2   | Slain by a cane toad (15 damage)
 22365 | Lair:3   | Found a hole to the Spider Nest.
 22469 | Lair:3   | Slain by a hell rat (13 damage)
 22493 | Lair:3   | HP: 3/66 [seven-headed hydra (1)]
 22495 | Lair:3   | Slain by a seven-headed hydra (5 damage)
 22504 | Lair:3   | HP: 3/66 [seven-headed hydra (6)]
 22505 | Lair:3   | Slain by a seven-headed hydra (8 damage)
 22511 | Lair:3   | HP: 1/66 [seven-headed hydra (8)]
 22512 | Lair:3   | Slain by a seven-headed hydra (4 damage)
 22515 | Lair:3   | Killed themself with a badly aimed orb of electricity (12
                  | damage)
 22519 | Lair:3   | HP: 1/66 [seven-headed hydra (12)]
 22520 | Lair:3   | Elyvilon protects you from harm!
 22520 | Lair:3   | Mangled by a seven-headed hydra (11 damage)
 22528 | Lair:3   | HP: 2/66 [seven-headed hydra (3)]
 22529 | Lair:3   | Mangled by a seven-headed hydra (11 damage)
 22535 | Lair:3   | Elyvilon protects you from harm!
 22537 | Lair:3   | Mangled by a basilisk (10 damage)
 23397 | Lair:3   | You fall into a shaft and drop 2 floors!
 23397 | Lair:5   | Entered Level 5 of the Lair of Beasts
 23458 | Lair:5   | HP: 4/86 [yak (3)]
 23459 | Lair:5   | Elyvilon protects you from harm!
 23459 | Lair:5   | Slain by a dream sheep (5 damage)
 23467 | Lair:5   | HP: 3/86 [basilisk (3)]
 23467 | Lair:5   | Slain by a yak (6 damage)
                  | ... while petrified by a basilisk
 23471 | Lair:5   | Reached skill level 10 in Dodging
 23477 | Lair:5   | Mangled by a polar bear (15 damage)
 23485 | Lair:5   | Reached skill level 18 in Air Magic
 23487 | Lair:5   | HP: 4/86 [poisoned by a water moccasin]
 23488 | Lair:5   | Succumbed to a water moccasin's poison
 23511 | Lair:5   | Mangled by a five-headed hydra (11 damage)
 23514 | Lair:5   | Slain by a five-headed hydra (11 damage)
 23521 | Lair:5   | HP: 3/86 [elephant (7)]
 23521 | Lair:5   | Slain by an elephant (4 damage)
 23527 | Lair:5   | Slain by a five-headed hydra (9 damage)
 23531 | Lair:5   | Slain by a death yak (21 damage)
 23533 | Lair:5   | HP: 1/86 [five-headed hydra (9)]
 23534 | Lair:5   | Elyvilon protects you from harm!
 23534 | Lair:5   | Slain by an elephant (2 damage)
 23536 | Lair:5   | Elyvilon protects you from harm!
 23536 | Lair:5   | Slain by a five-headed hydra (5 damage)
 23540 | Lair:5   | Succumbed to a cane toad's poison
 23542 | Lair:5   | Slain by an elephant (13 damage)
 23543 | Lair:5   | Slain by a five-headed hydra (13 damage)
 23567 | Lair:5   | Slain by a death yak (16 damage)
 23587 | Lair:5   | Slain by an elephant (11 damage)
 23623 | Lair:4   | HP: 4/86 [poisoned by a black mamba]
 24466 | Lair:3   | HP: 3/86 [yak (8)]
 25229 | Lair:4   | HP: 1/86 [dream sheep (19)]
 25230 | Lair:4   | Elyvilon protects you from harm!
 25230 | Lair:4   | Slain by a dream sheep (2 damage)
 25260 | Lair:4   | Gained mutation: Your large and strong wings let you fly.
                  | [Black Draconian growth]
 25260 | Lair:4   | Reached XP level 14. HP: 13/93 MP: 2/22
 26760 | Lair:4   | Upgraded the game from 0.31-a0-43-g46d131a48f to
                  | 0.31-a0-66-ge618eeaa78
 26844 | Lair:5   | Reached skill level 19 in Air Magic
 26965 | Lair:5   | Found a staircase to the Slime Pits.
 27688 | Lair:5   | HP: 2/93 [death yak (22)]
 27689 | Lair:5   | Elyvilon protects you from harm!
 27689 | Lair:5   | Elyvilon protects you from harm!
 27690 | Lair:5   | Slain by a death yak (2 damage)
 27700 | Lair:5   | HP: 4/93 [death yak (4)]
 27701 | Lair:5   | Elyvilon protects you from harm!
 27701 | Lair:5   | Killed themself with a bounced bolt of lightning (4 damage)
 28396 | Orc:1    | Entered Level 1 of the Orcish Mines
 28587 | Orc:1    | Found a runed translucent gate.
 28587 | Orc:1    | Found a runed translucent gate.
 28587 | Orc:1    | Found a runed translucent gate.
 28594 | Orc:1    | Noticed BlueFish's ghost (journeyman DrAr)
 28605 | Orc:1    | Noticed Erolcha
 28623 | Abyss:1  | Cast into level 1 of the Abyss (Erolcha)
 28747 | Abyss:1  | Reached skill level 20 in Air Magic
 28806 | Abyss:1  | HP: 4/93 [sun demon[a balrug] (5)]
 28806 | Abyss:1  | Noticed a tentacled starspawn
 28808 | Abyss:1  | Killed themself with a badly aimed orb of electricity (10
                  | damage)
 28812 | Abyss:1  | Slain by a tentacled starspawn (11 damage)
 28813 | Abyss:1  | Noticed a balrug
 28817 | Abyss:1  | Killed by divine providence
                  | ... invoked by a balrug
                  | (10 damage)
 28818 | Abyss:1  | Demolished by a tentacled starspawn (20 damage)
 28822 | Abyss:1  | Slain by a sun demon (16 damage)
                  | ... led by a balrug
 28826 | Abyss:1  | HP: 4/93 [sun demon[a balrug] (7)]
 28826 | Abyss:1  | Mangled by a sun demon (15 damage)
                  | ... led by a balrug
 28828 | Abyss:1  | Killed a tentacled starspawn
 28830 | Abyss:1  | Killed a balrug
 28831 | Abyss:1  | Mangled by a stone giant skeleton (13 damage)
 28837 | Abyss:1  | HP: 4/93 [sun demon[a balrug] (8)]
 28837 | Abyss:1  | Slain by a stone giant skeleton (9 damage)
 28844 | Abyss:1  | HP: 3/93 [sun demon[a balrug] (20)]
 28844 | Abyss:1  | Slain by a sun demon (7 damage)
                  | ... led by a balrug
 28858 | Abyss:1  | Elyvilon protects you from harm!
 28858 | Abyss:1  | Slain by a sun demon (7 damage)
                  | ... led by a balrug
 28883 | Abyss:1  | Mangled by a large abomination (30 damage)
 28887 | Orc:1    | Escaped the Abyss
 28899 | Orc:1    | Found a dark tunnel.
 28902 | Volcano  | Entered a volcano
 29493 | Orc:1    | Killed Erolcha
 29874 | Orc:1    | Reached ****** piety under Elyvilon
 30001 | Orc:1    | Killed BlueFish's ghost
 30080 | Orc:2    | Entered Level 2 of the Orcish Mines
 30110 | Orc:2    | Reached XP level 15. HP: 99/99 MP: 18/24
 30145 | Orc:2    | HP: 3/99 [warg (5)]
 30606 | Orc:2    | Found a staircase to the Elven Halls.
 31028 | Orc:2    | Found Deum's Antique Armour Shop.
 31054 | Orc:2    | Found an ancient bone altar of Kikubaaqudgha.
 31110 | Orc:2    | Reached skill level 21 in Air Magic
 31146 | Orc:2    | Paralysed by an orc sorcerer for 3 turns
 31173 | Orc:2    | Found Qeng's Distillery.
 31174 | Orc:2    | Gained mutation: You occasionally lose the ability to read
                  | scrolls when taking damage. [a neqoxec]
 31178 | Orc:2    | Gained mutation: You occasionally shout uncontrollably at
                  | your foes. [a neqoxec]
 31181 | Orc:2    | Gained mutation: You are occasionally teleported next to
                  | monsters. [a neqoxec]
 31183 | Orc:2    | Gained mutation: You frequently scream uncontrollably at
                  | your foes. [a neqoxec]
 31397 | Orc:2    | Found a radiant altar of Vehumet.
 31414 | Orc:2    | Found Wuasayjo's Jewellery Boutique.
 31558 | Orc:2    | Found Bitaos Coeg's Magic Scroll Boutique.
 33171 | D:13     | Found an ornate altar of the Wu Jian Council.
 33259 | D:13     | Noticed Sonja
 33260 | D:13     | Noticed Maurice
 33277 | D:12     | Elyvilon protects you from harm!
 33279 | D:12     | Slain by a four-headed hydra (9 damage)
 33384 | D:12     | Lost mutation: You occasionally lose the ability to read
                  | scrolls when taking damage. [potion of mutation]
 33384 | D:12     | Lost mutation: You are occasionally teleported next to
                  | monsters. [potion of mutation]
 33384 | D:12     | Gained mutation: Potions are less effective at restoring
                  | your health. [potion of mutation]
 33384 | D:12     | Gained mutation: You have sharp fingernails. [potion of
                  | mutation]
 33517 | D:12     | Killed Sonja
 33737 | D:13     | Killed Maurice
 34851 | D:14     | Learned a level 3 spell: Stone Arrow
 35135 | D:14     | Slain by a cyclops (18 damage)
 35825 | Spider:1 | Entered Level 1 of the Spider Nest
 35846 | Lair:3   | HP: 2/99 [poisoned by a wolf spider]
 35846 | Lair:3   | Elyvilon protects you from harm!
 35847 | Lair:3   | Elyvilon protects you from harm!
 36098 | Lair:3   | HP: 4/99 [poisoned by a wolf spider]
 36098 | Lair:3   | Elyvilon protects you from harm!
 36098 | Lair:3   | Demolished by a radroach (18 damage)
 36104 | Lair:3   | Slain by a radroach (13 damage)
 36113 | Lair:3   | Gained mutation: Your body sometimes deteriorates upon
                  | taking damage. [mutagenic glow]
 36534 | D:7      | Bought a potion of mutation for 120 gold pieces
 36534 | D:7      | Lost mutation: You frequently scream uncontrollably at your
                  | foes. [potion of mutation]
 36534 | D:7      | Lost mutation: You occasionally shout uncontrollably at
                  | your foes. [potion of mutation]
 36534 | D:7      | Gained mutation: Your magical capacity is low. (-10% MP)
                  | [potion of mutation]
 36534 | D:7      | Gained mutation: You are dopey. (Int -2) [potion of
                  | mutation]
 36534 | D:7      | Gained mutation: You are frail. (-10% HP) [potion of
                  | mutation]
 36534 | D:7      | Gained mutation: You have sharp toenails. [potion of
                  | mutation]
 36794 | Spider:1 | HP: 4/89 [meliai/+0 war axe (2)]
 36794 | Spider:1 | Slain by a culicivora (9 damage)
 36799 | Lair:3   | HP: 3/89 [meliai/+0 war axe (12)]
 36799 | Lair:3   | HP: 1/89 [meliai/+0 war axe (2)]
 36799 | Lair:3   | Mangled by a culicivora (9 damage)
 36818 | Spider:1 | Noticed Kirke
 36989 | Lair:3   | Elyvilon protects you from harm!
 36992 | Lair:3   | HP: 4/89 [/static electricity (1)]
 36992 | Lair:3   | Slain by a hog (8 damage)
                  | ... led by Kirke
 37005 | Lair:3   | Killed Kirke
 37006 | Lair:3   | Reached skill level 22 in Air Magic
 37311 | Spider:1 | Noticed Azrael
 37319 | Spider:1 | Was placed under penance by Elyvilon
 37330 | Spider:1 | HP: 1/89 [redback[Azrael] (4)]
 37331 | Spider:1 | Succumbed to a redback's poison
 37335 | Spider:1 | Succumbed to a redback's poison
 37338 | Spider:1 | HP: 4/89 [Azrael/+0 scimitar of flaming (1)]
 37339 | Spider:1 | Elyvilon protects you from harm!
 37340 | Spider:1 | HP: 1/89 [/static electricity (1)]
 37340 | Spider:1 | Killed by their own static electricity (1 damage)
 37341 | Spider:1 | Killed Azrael
 37374 | Spider:1 | HP: 4/89 [poisoned by a redback]
 37374 | Spider:1 | Slain by a redback (4 damage)
 37380 | Spider:1 | Succumbed to a redback's poison
 37383 | Spider:1 | Mangled by a boulder beetle (18 damage)
 37387 | Spider:1 | HP: 3/89 [redback (10)]
 37388 | Spider:1 | Succumbed to a redback's poison
 37394 | Spider:1 | Succumbed to a redback's poison
 37404 | Spider:1 | HP: 3/89 [redback (8)]
 37404 | Spider:1 | Slain by a redback (7 damage)
 37409 | Spider:1 | Succumbed to a redback's poison
 37415 | Spider:1 | HP: 2/89 [redback (9)]
 37416 | Spider:1 | Elyvilon protects you from harm!
 37416 | Spider:1 | Elyvilon protects you from harm!
 37416 | Spider:1 | Slain by a redback (5 damage)
 37420 | Spider:1 | Elyvilon protects you from harm!
 37421 | Spider:1 | Succumbed to a redback's poison
 37429 | Spider:1 | Slain by a boulder beetle (25 damage)
 37455 | Spider:1 | HP: 3/89 [poisoned by a redback]
 37456 | Spider:1 | Succumbed to a redback's poison
 37674 | Spider:1 | Elyvilon protects you from harm!
 37675 | Spider:1 | HP: 1/83 [barbs]
 37676 | Spider:1 | Demolished by a pharaoh ant (18 damage)
 37680 | Spider:1 | Succumbed to a redback's poison
 37692 | Spider:1 | Demolished by a pharaoh ant (23 damage)
 37713 | Spider:1 | Succumbed to a redback's poison
 37724 | Spider:1 | HP: 2/80 [redback (10)]
 37724 | Spider:1 | Elyvilon protects you from harm!
 37724 | Spider:1 | Elyvilon protects you from harm!
 37725 | Spider:1 | Succumbed to a redback's poison
 37730 | Spider:1 | Slain by a boulder beetle (6 damage)
 37752 | Spider:1 | HP: 4/82 [boulder beetle (8)]
 37762 | Spider:1 | HP: 4/82 [boulder beetle (3)]
 37765 | Spider:1 | Slain by a boulder beetle (5 damage)
 37789 | Spider:1 | Annihilated by a boulder beetle (39 damage)
 37816 | Spider:1 | Was forgiven by Elyvilon
 37845 | Spider:1 | Slain by a culicivora (14 damage)
 37859 | Spider:1 | HP: 3/89 [wolf spider (7)]
 37862 | Spider:1 | Elyvilon protects you from harm!
 37862 | Spider:1 | Blown up by an orb spider (37 damage)
                  | ... with an orb of destruction
 37863 | Spider:1 | Noticed an emperor scorpion
 37879 | Spider:1 | Elyvilon protects you from harm!
 37881 | Spider:1 | Mangled by an emperor scorpion (20 damage)
 37894 | Spider:1 | HP: 1/89 [emperor scorpion (12)]
 37894 | Spider:1 | Elyvilon protects you from harm!
 37894 | Spider:1 | Slain by an emperor scorpion (4 damage)
 37901 | Spider:1 | Succumbed to an emperor scorpion's poison
 37908 | Spider:1 | Succumbed to an emperor scorpion's poison
 37913 | Spider:1 | Succumbed to an emperor scorpion's poison
 37921 | Spider:1 | HP: 3/89 [poisoned by an emperor scorpion]
 37922 | Spider:1 | HP: 1/89 [poisoned by an emperor scorpion]
 37923 | Spider:1 | Succumbed to an emperor scorpion's poison
 37930 | Spider:1 | Pacified an emperor scorpion
 37931 | Spider:1 | Reached XP level 16. HP: 36/94 MP: 0/24
 39019 | Spider:2 | Demolished by a pharaoh ant (23 damage)
 39026 | Spider:2 | Mangled by a pharaoh ant (20 damage)
 39032 | Spider:2 | Slain by a pharaoh ant (18 damage)
 39065 | Spider:2 | Slain by a death scarab (15 damage)
                  | ... led by a torpor snail
 39075 | Spider:2 | HP: 2/75 [death scarab[a torpor snail] (20)]
 39316 | Spider:2 | Elyvilon protects you from harm!
 39316 | Spider:2 | Slain by a demonic crawler (7 damage)
 39321 | Spider:2 | Slain by a demonic crawler (10 damage)
 39826 | Spider:2 | Noticed Frances
 40046 | Spider:2 | Noticed Arachne
 40071 | Spider:2 | HP: 4/86 [Frances/+0 heavy long sword (8)]
 40072 | Spider:2 | Elyvilon protects you from harm!
 40076 | Spider:2 | Slain by Frances
                  | ... wielding a +0 heavy long sword
                  | (11 damage)
 40080 | Spider:2 | HP: 1/86 [sun demon[Frances] (7)]
 40081 | Spider:2 | Slain by Frances
                  | ... wielding a +0 heavy long sword
                  | (5 damage)
 40084 | Spider:2 | Mangled by Arachne
                  | ... wielding a staff of poison
                  | (17 damage)
 40085 | Spider:2 | Elyvilon protects you from harm!
 40086 | Spider:2 | Killed from afar by Arachne (22 damage)
                  | ... with a bolt of poison
 40091 | Spider:2 | HP: 1/94 [poisoned by Arachne (poison arrow)]
 40092 | Spider:2 | Succumbed to Arachne's poison arrow
 40101 | Spider:2 | Demolished by Arachne
                  | ... wielding a staff of poison
                  | (28 damage)
 40105 | Spider:2 | Slain by Frances
                  | ... wielding a +0 heavy long sword
                  | (19 damage)
 40107 | Spider:2 | Elyvilon protects you from harm!
 40107 | Spider:2 | Slain by a sun demon (10 damage)
                  | ... summoned by Frances
 40109 | Spider:2 | HP: 1/94 [Arachne/staff of poison (5)]
 40110 | Spider:2 | Succumbed to Arachne's poison
 40111 | Spider:2 | Killed Frances
 40114 | Spider:2 | Slain by Arachne
                  | ... wielding a staff of poison
                  | (17 damage)
 40118 | Spider:2 | Killed from afar by Arachne (47 damage)
                  | ... with a poison arrow
 40120 | Spider:2 | Elyvilon protects you from harm!
 40121 | Spider:2 | Mangled by Arachne
                  | ... wielding a staff of poison
                  | (19 damage)
 40127 | Spider:2 | HP: 2/94 [Arachne/staff of poison (27)]
 40128 | Spider:2 | Annihilated by Arachne
                  | ... wielding a staff of poison
                  | (27 damage)
 40132 | Spider:2 | HP: 1/94 [poisoned by Arachne (poison arrow)]
 40133 | Spider:2 | Succumbed to Arachne's poison arrow
 40142 | Spider:2 | Slain by Arachne
                  | ... wielding a staff of poison
                  | (11 damage)
 40143 | Spider:2 | Killed Arachne
 40144 | Spider:2 | Reached skill level 23 in Air Magic
 40742 | Spider:2 | Elyvilon protects you from harm!
 41033 | Spider:2 | HP: 4/94 [spark wasp (5)]
 41034 | Spider:2 | Elyvilon protects you from harm!
 41034 | Spider:2 | Slain by a spark wasp (5 damage)
 41044 | Spider:2 | Mangled by a spark wasp (18 damage)
 41059 | Spider:2 | HP: 1/94 [spark wasp (4)]
 41060 | Spider:2 | Mangled by a spark wasp (14 damage)
 41068 | Spider:2 | Slain by a spark wasp (5 damage)
 41074 | Spider:2 | HP: 2/94 [bounced beam (12)]
 41075 | Spider:2 | Demolished by a spark wasp (17 damage)
 41139 | Spider:2 | Mangled by a ghost moth (16 damage)
 41146 | Spider:2 | Mangled by a ghost moth (15 damage)
 41156 | Spider:2 | Slain by a ghost moth (9 damage)
 41164 | Spider:2 | HP: 2/94 [ghost moth (8)]
 41165 | Spider:2 | Slain by a ghost moth (2 damage)
 41496 | Spider:2 | HP: 3/94 [demonic crawler[a torpor snail] (9)]
 41497 | Spider:2 | Elyvilon protects you from harm!
 41498 | Spider:2 | Elyvilon protects you from harm!
 41501 | Spider:2 | Slain by a demonic crawler (4 damage)
                  | ... led by a torpor snail
 41706 | Spider:3 | HP: 4/94 [poisoned by a wolf spider]
 41706 | Spider:3 | Elyvilon protects you from harm!
 41707 | Spider:2 | HP: 1/94 [poisoned by a wolf spider]
 41708 | Spider:2 | Succumbed to a wolf spider's poison
 41912 | Spider:3 | Noticed Jorgrun
 41920 | Spider:3 | Killed Jorgrun
 41921 | Spider:3 | Reached skill level 15 in Invocations
 42773 | Spider:2 | Slain by a demonic crawler (11 damage)
 42798 | Spider:2 | Slain by a demonic crawler (9 damage)
 42810 | Spider:2 | Slain by a demonic crawler (9 damage)
 42826 | Spider:2 | Slain by a demonic crawler (9 damage)
 42846 | Spider:2 | HP: 4/94 [demonic crawler (2)]
 42849 | Spider:2 | Slain by a demonic crawler (8 damage)
 43327 | Spider:2 | Acquired a staff of air
 44063 | Spider:3 | Paralysed by a jorogumo for 1 turns
 44067 | Spider:3 | Paralysed by a jorogumo for 1 turns
 44366 | Spider:4 | Entered Level 4 of the Spider Nest
 44510 | Spider:3 | Upgraded the game from 0.31-a0-66-ge618eeaa78 to
                  | 0.31-a0-83-gbff143cfd1
 44614 | Spider:4 | Quit the game

Illustrated notes

Levels and vault maps discovered:
D:1:      arrival_zaba_pyramid, layout_loops_corners
D:2:      layout_basic, basic_altar, uniq_natasha
D:3:      layout_basic, zin_statuary, ebering_ghost_sewer_d,
          kennysheep_generic_room_11, uniq_jessica
D:4:      layout_loops_ring, uniq_eustachio, uniq_pikel
D:5:      layout_basic, lemuel_temple_firewalk_b
D:6:      minmay_thick_lines, layout_loops_ring
D:7:      kennysheep_big_flooded_room, layout_gridville, serial_shops,
          nicolae_shop_trees, nzn_ghost_randoct, uniq_joseph
D:8:      layout_basic, minmay_manual_moon
D:9:      layout_basic, uniq_psyche
D:10:     layout_roguey, nicolae_transporter_circle
D:11:     layout_loops_ring, david_lair_shrubbed, minmay_orc_entry_temple_small,
          nicolae_gozag_cash_rules_everything_around_me, uniq_gastronok
D:12:     layout_cave_pools
D:13:     layout_roguey, pdpol_wu_jian_five_deadly_venoms, uniq_sonja,
          uniq_maurice
D:14:     layout_basic, david_vaults_2, uniq_josephine
Temple:   kilobyte_greek_temple
Lair:1:   layout_regular_city, grunt_forest_small_clearings,
          beast_lair_carwin_11, grunt_megastairs_3, lemuel_fruit_fields,
          infiniplex_staircase_pool_2
Lair:2:   regret_index_wax_grids, layout_cave_pods, elwin_shoals_entry_rooms,
          st_stairs_6
Lair:3:   layout_regular_city, spider_nest_entry_rubble, ice2_lemuel
Lair:4:   layout_cave_pods, eino_small_chamber_without_monster
Lair:5:   grunt_lair_end_beastmaster, layout_big_grid, slime_entry_1
Spider:1: layout_spider_delve, special_room [special_room_bee],
          nicolae_spider_rock_and_or_roll, uniq_azrael, uniq_kirke
Spider:2: layout_spider_delve, hangedman_spider_tarantella_strand, uniq_arachne,
          uniq_frances
Spider:3: layout_spider_delve, nicolae_spider_spiderdrome, uniq_jorgrun
Spider:4: johnstein_spider_rune_arachne_lair
Orc:1:    layout_caves, nicolae_volcano_entry_batcave,
          ebering_ghost_rock_garden, uniq_erolcha
Orc:2:    kennysheep_orc_mage_school, layout_diamond_mine

Skill      XL: |  1  2  3  4  5  6  7  8  9 10 11 12 13 14 15 16 |
---------------+-------------------------------------------------+-----
Stealth        | 2 3 4 5 |  5.0
Dodging        | 2 3 4 5 6 7 8 9 10 | 10.0
Conjurations   | 2 3 4 5 6 7 8 10 11 12 13 14 | 14.6
Air Magic      | 4 6 8 9 11 13 15 16 18 20 22 23 | 23.7
Invocations    | 3 5 6 8 9 11 12 14 15 | 15.2
Spellcasting   | |  2.0

Action                     |  1- 3 |  4- 6 |  7- 9 | 10-12 | 13-15 | 16-18 || total
---------------------------+-------+-------+-------+-------+-------+-------++-------
  Melee: Unarmed           |   181 |   114 |   699 |  1570 |   830 |   173 ||  3567
         Tailslap          |    16 |    15 |   132 |   347 |   170 |    45 ||   725
         Punch             |     3 |     2 |    10 |    29 |    15 |     3 ||    62
         Staff             |       |       |       |       |       |     9 ||     9
   Cast: Shock             |    39 |   110 |   143 |    62 |    11 |     3 ||   368
         Static Discharge  |       |     1 |    14 |    36 |   196 |    44 ||   291
         Airstrike         |       |       |    16 |   141 |   588 |   302 ||  1047
         Swiftness         |       |       |       |     2 |     5 |       ||     7
         Stone Arrow       |       |       |       |       |     3 |       ||     3
 Invoke: Heal Other        |       |       |       |    20 |    20 |    13 ||    53
         Heal Self         |       |       |       |       |     2 |       ||     2
         Purification      |       |       |       |       |     3 |     4 ||     7
         Divine Vigour     |       |       |       |       |       |     1 ||     1
Ability: Breathe Lightning |       |       |     7 |    48 |    91 |    24 ||   170
  Evoke: Wand              |       |       |     1 |     1 |     1 |       ||     3
         Box of beasts     |       |       |       |       |     1 |       ||     1
         Lightning rod     |       |       |       |       |     1 |       ||     1
    Use: Scroll            |     7 |     4 |     8 |     9 |    11 |     3 ||    42
         Potion            |       |       |     2 |     1 |     9 |     2 ||    14
   Stab: Sleeping          |     4 |       |       |       |     1 |       ||     5
 Armour: Skin              |    85 |    75 |   462 |   890 |  1241 |   363 ||  3116
  Dodge: Dodged            |   164 |   109 |   835 |  1896 |  2268 |   631 ||  5903

Table legend: (Time is in decaauts)
 A = Elapsed time spent in this place.
 B = Non-inter-level travel time spent in this place.
 C = Inter-level travel time spent in this place.
 D = Time resting spent in this place.
 E = Time spent auto-exploring this place.
 F = Levels seen in this place.
 G = Mean time per level.
                   A        B        C        D        E       F      G
               +--------+--------+--------+--------+--------+-----+--------+
         Total |  44883 |  42390 |   2493 |   2666 |  29984 |  28 | 1603.0 |
       Dungeon |  22403 |  20959 |   1444 |    569 |  15646 |  14 | 1600.2 |
        Temple |    183 |    154 |     29 |      0 |    130 |   1 |  183.0 |
          Lair |  11607 |  11032 |    575 |    962 |   7684 |   5 | 2321.4 |
   Spider Nest |   7401 |   7027 |    374 |    831 |   4364 |   4 | 1850.2 |
  Orcish Mines |   2439 |   2369 |     70 |    136 |   1846 |   2 | 1219.5 |
         Abyss |    268 |    268 |      0 |      0 |     24 |   1 |  268.0 |
       Volcano |    579 |    579 |      0 |    168 |    289 |   1 |  579.0 |
               +--------+--------+--------+--------+--------+-----+--------+

Top non-repeatable levels by time:
  Lair:3: 3570 daAuts
Spider:2: 3501 daAuts
  Lair:2: 2856 daAuts
    D:11: 2481 daAuts
     D:9: 2291 daAuts
     D:7: 2207 daAuts
Spider:3: 1986 daAuts
     D:6: 1973 daAuts
  Lair:4: 1949 daAuts
  Lair:5: 1761 daAuts
Spider:1: 1747 daAuts
     D:4: 1672 daAuts
   Orc:2: 1597 daAuts
     D:8: 1520 daAuts
     D:5: 1495 daAuts
